 Dungeon Crawl Stone Soup version 0.28.0-53-g5a82cb258f (webtiles) character file.

Game seed: 11419967873229315706

392 Gabide the Poker (level 6, -6/60 HPs)
             Began as a Tengu Monk on June 17, 2022.
             Mangled by a water moccasin (8 damage)
             ... on level 3 of the Dungeon.
             The game lasted 00:03:45 (4203 turns).

Gabide the Poker (Tengu Monk)                       Turns: 4203, Time: 00:03:46

Health: -6/60      AC: 11    Str: 12    XL:     6   Next: 80%
Magic:  7/7        EV: 15    Int: 10    God:
Gold:   139        SH:  0    Dex: 18    Spells: 5/5 levels left

rFire   . . .      SeeInvis .   a - +0 spear
rCold   . . .      Faith    .   (no shield)
rNeg    . . .      Spirit   .   c - +2 ring mail
rPois   +          Reflect  .   (helmet restricted)
rElec   .          Harm     .   (no cloak)
rCorr   .          Rampage  .   (no gloves)
Will    .....                   (boots unavailable)
Stlth   ..........              (no amulet)
HPRegen 0.20/turn               i - ring of poison resistance
MPRegen 0.10/turn               k - +4 ring of protection

@: berserking, flying quickly and evasively, very quick
A: beak, talons 3, nimble flight
a: no special abilities


You were on level 3 of the Dungeon.
You visited 1 branch of the dungeon, and saw 7 of its levels.

You collected 139 gold pieces.

Inventory:

Hand Weapons
 a - a +0 spear (weapon)
Missiles
 h - 4 javelins (quivered)
Armour
 c - a +2 ring mail (worn)
Jewellery
 i - a ring of poison resistance (left hand)
 k - a +4 ring of protection (right hand)
 l - a ring of see invisible
Scrolls
 d - a scroll of summoning
 f - 4 scrolls of fear
 n - a scroll of amnesia {unknown}
 o - a scroll of blinking {unknown}
 p - a scroll of magic mapping {unknown}
Potions
 e - a potion of mutation
 g - a potion of brilliance {unknown}
 j - a potion of flight
 m - a potion of invisibility {unknown}


   Skills:
 + Level 4.8 Fighting
 + Level 5.4 Polearms
 + Level 5.4 Dodging
 - Level 2.0 Stealth


You had 5 spell levels left.
You didn't know any spells.
Your spell library was empty.

Dungeon Overview and Level Annotations

Branches:
Dungeon (7/15)
 Temple: D:4-7

Altars:
Ashenzari
Fedhas
Trog
Uskayaw


Innate Abilities, Weirdness & Mutations

You have a beak for a mouth.
You have claws for feet.
Your magical nature lets you fly swiftly and evasively.


Message History

The ogre is lightly wounded.
The ogre completely misses you.
You hit the ogre but do no damage. Your kick misses the ogre.
You peck the ogre.
The ogre is moderately wounded.
The ogre hits you with a +0 giant club!!
Ouch! That really hurt!
* * * LOW HITPOINT WARNING * * *
You are too injured to fight recklessly!
You are too injured to fight recklessly!
You are too injured to fight recklessly!
You are too injured to fight recklessly!
You are too injured to fight recklessly!
You are too injured to fight recklessly!
You are too injured to fight recklessly!
You are too injured to fight recklessly!
You are too injured to fight recklessly!
You are too injured to fight recklessly!
You are too injured to fight recklessly!
You are too injured to fight recklessly!
You are too injured to fight recklessly!
You are too injured to fight recklessly!
You are too injured to fight recklessly!
You are too injured to fight recklessly!
There is a stone staircase leading down here.
A scorpion comes into view.
There is a stone staircase leading up here.
The water moccasin barely misses you.
You fly upwards.
There is a stone staircase leading down here.
You aren't carrying any items that you can evoke.
A red film seems to cover your vision as you go berserk!
You feel yourself moving faster!
You feel mighty! The water moccasin barely misses you.
The water moccasin bites you!
* * * LOW HITPOINT WARNING * * *
You barely miss the water moccasin. Your peck misses the water moccasin.
You hit the water moccasin. You claw the water moccasin.
The water moccasin is moderately wounded.
The water moccasin bites you!
You die...

#.# #..# #................###
#.#####..#
##...#######.###...#
##.##.....# ##.## #.# #.#.#
#.........# #.# #.###.#.#
#..##.##..# #.# #.....#.#
#.........# ##'## #.#.###.#
#...#.###.# ##...## #.......#
#.....###.###.....## ###.#####
#.........##...@...## ##..#
###.#...####...S.....####...##
...........'.........+.......#
###.#...####.........####...##
#.##.## ##.......## ##..#
#....# ##.....## #.## ####.#
##...## #.# #.# ##'## #.# #.#
#.# #.#


You could see a water moccasin.

Vanquished Creatures
  2 scorpions (D:4)
  A hound (D:5)
  3 iguanas
  An orc wizard (D:5)
  4 adders
  A white imp (D:7)
  An ufetubus (D:4)
  10 orcs
  6 ball pythons
  2 endoplasms
  2 giant cockroaches (D:3)
  12 goblins
  10 hobgoblins
  10 jackals
  A kobold (D:4)
  5 quokkas
  A bat (D:3)
  2 frilled lizards (D:3)
  A quokka skeleton (D:4)
  3 rats
78 creatures vanquished.

Notes
Turn   | Place    | Note
-------+----------+-------------------------------------------
     0 | D:1      | Gabide the Tengu Monk began the quest for the Orb.
     0 | D:1      | Reached XP level 1. HP: 14/14 MP: 2/2
   151 | D:1      | Reached XP level 2. HP: 9/19 MP: 3/3
   889 | D:2      | Reached XP level 3. HP: 12/23 MP: 4/4
  1228 | D:2      | Found a faded altar of an unknown god.
  1459 | D:2      | Prayed at the altar of an unknown god.
  1459 | D:2      | Became a worshipper of Ashenzari the Shackled
  1461 | D:2      | Fell from the grace of Ashenzari
  1863 | D:3      | Found a blossoming altar of Fedhas.
  1935 | D:3      | Reached XP level 4. HP: 29/29 MP: 5/5
  2854 | D:4      | Noticed a scorpion
  2861 | D:4      | Killed a scorpion
  2862 | D:4      | Was forgiven by Ashenzari
  2862 | D:4      | Gained mutation: Your magical nature lets you fly swiftly
                  | and evasively. [Tengu growth]
  2862 | D:4      | Reached XP level 5. HP: 25/33 MP: 6/6
  3258 | D:4      | Found a bloodstained altar of Trog.
  3369 | D:4      | Found a hide-covered altar of Uskayaw.
  3376 | D:4      | Reached XP level 6. HP: 39/39 MP: 7/7
  3486 | D:4      | You are sucked into a shaft and drop 3 floors!
  3498 | D:7      | Reached skill level 5 in Dodging
  3602 | D:6      | Reached skill level 5 in Polearms
  3670 | D:5      | Entered Level 5 of the Dungeon
  4190 | D:4      | Noticed a water moccasin
  4201 | D:3      | HP: 1/60 [water moccasin (7)]
  4203 | D:3      | Mangled by a water moccasin

Illustrated notes

Levels and vault maps discovered:
D:1:      dpeg_arrival_rooms_b, layout_loops_ring, minivault_14,
          kennysheep_nondescript
D:2:      layout_basic, basic_ecumenical_altar, chequers_garden,
          kennysheep_donut
D:3:      layout_loops_corners, lemuel_doored_altar, grunt_ministairs_4,
          palyth_stone_intersect, minmay_goblin_outpost
D:4:      minmay_chambers_of_twos, layout_basic, trog_hazing_becter,
          mainiacjoe_overflow_24_doors, nicolae_uskayaw_dance_hall
D:5:      nicolae_cairo_tiling, layout_loops_cross, general_overflow_altar,
          nicolae_sif_muna_condensation, mainiacjoe_overflow_alcove_2
D:6:      layout_gridville, minmay_temple_entry_trees, minivault_25,
          grunt_decor_junction, uniq_pikel
D:7:      nicolae_whirlpool, layout_cave_pools,
          mainiacjoe_overflow_tiny_flanked, mainiacjoe_overflow_boulevard,
          cheibrodos_ashenzari_chains, serial_shops, nicolae_diamond_shop,
          hellmonk_guarded_unrand_night, uniq_crazy_yiuf_cottage

Skill      XL: |  1  2  3  4  5  6 |
---------------+-------------------+-----
Dodging        | 4 5 |  5.4
Polearms       | 4 5 |  5.4
Fighting       | 4 |  4.8
Stealth        | |  2.0

Action                   |  1- 3 |  4- 6 || total
-------------------------+-------+-------++-------
Melee: Spear             |   102 |   191 ||   293
       Kick              |    19 |    48 ||    67
       Peck              |    11 |    22 ||    33
       Punch             |       |     3 ||     3
Invok: Renounce Religion |     1 |       ||     1
  Use: Scroll            |     5 |     4 ||     9
       Potion            |       |     1 ||     1
 Stab: Sleeping          |     4 |     5 ||     9
Armor: Ring mail         |    36 |    33 ||    69
Dodge: Dodged            |    62 |   112 ||   174
